 Dungeon Crawl Stone Soup version 0.30-a0-629-gd54f4be4f7 (webtiles) character file.

Game seed: 8653595723096781788

58 wormed the Digger (level 3, -5/25 HPs)
             Began as a Demonspawn Earth Elementalist on Jan 13, 2023.
             Slain by Sigmund
             ... wielding a +0 scythe
              (8 damage)
             ... on level 2 of the Dungeon.
             The game lasted 00:04:03 (1481 turns).

wormed the Digger (Demonspawn Earth Elementalist)   Turns: 1481, Time: 00:04:04

Health: -5/25      AC:  3    Str:  8    XL:     3   Next: 75%
Magic:  3/6        EV: 12    Int: 18    God:
Gold:   110        SH:  0    Dex: 13    Spells: 5/6 levels left

rFire   . . .      SeeInvis .    (no weapon)
rCold   . . .      Faith    .    (no shield)
rNeg    . . .      Spirit   .    a - +1 robe
rPois   .          Reflect  .    (no helmet)
rElec   .          Harm     .    (no cloak)
rCorr   .          Rampage  .    (no gloves)
Will    .....                    (no boots)
Stlth   +                        (no amulet)
HPRegen 0.24/turn                (no ring)
MPRegen 0.10/turn                (no ring)

@: confused
A: claws 1, foul stench 1
a: no special abilities


You were on level 2 of the Dungeon.
You visited 1 branch of the dungeon, and saw 2 of its levels.

You collected 110 gold pieces.

Inventory:

Armour
 a - a +1 robe (worn)
Jewellery
 d - an amulet of guardian spirit
Potions
 b - a potion of magic
 c - 2 potions of curing
 e - a potion of ambrosia {unknown}
 g - a potion of might {unknown}
 i - a potion of mutation {unknown}


   Skills:
 + Level 0.9 Fighting
 + Level 0.2 Maces & Flails
 + Level 2.0 Dodging
 - Level 1.7 Stealth
 + Level 2.2 Spellcasting
 * Level 1.2 Conjurations
 * Level 1.6 Transmutations
 * Level 3.1 Earth Magic


You had 5 spell levels left.
You knew the following spells:

 Your Spells              Type           Power      Damage    Failure   Level
a - Sandblast             Erth           26%        2d8       4%          1

Your spell library contained the following spells:

 Spells                   Type           Power      Damage    Failure   Level
 Passwall                 Tmut/Erth      8%         N/A       10%         2
 Stone Arrow              Conj/Erth      18%        3d8       22%         3
 Petrify                  Tmut/Erth      10%        N/A       54%         4


Dungeon Overview and Level Annotations

Branches:
Dungeon (2/15)

Altars:

Shops:
D:1 (

Annotations:
D:2 Sigmund


Innate Abilities, Weirdness & Mutations

You have sharp fingernails.
You may rarely emit foul miasma when damaged in melee.


Message History

You can't see any susceptible monsters within range! (Use Z to cast anyway.) Sorry, you're not good enough to have a special ability.
Unknown command.
Unknown command.
Casting: Sandblast (safe; 4% risk of failure)
Confirm with . or Enter, or press ? or * to list all spells.
You can't see any susceptible monsters within range! (Use Z to cast anyway.) Unknown command.
Unknown command.
Unknown command.
Casting: Sandblast (safe; 4% risk of failure)
Confirm with . or Enter, or press ? or * to list all spells.
Aiming: Sandblast (safe; 4% risk of failure)
Press: ? - help, Shift-Dir - straight line A magic dart appears from out of thin air!
The magic dart hits you.
Casting: Sandblast (safe; 4% risk of failure)
Confirm with . or Enter, or press ? or * to list all spells.
Aiming: Sandblast (safe; 4% risk of failure)
Press: ? - help, Shift-Dir - straight line Something hits you.
Casting: Sandblast (safe; 4% risk of failure)
Confirm with . or Enter, or press ? or * to list all spells.
Aiming: Sandblast (safe; 4% risk of failure)
Press: ? - help, Shift-Dir - straight line You hear some strange, mumbled words.
A puff of flame appears from out of thin air!
The puff of flame hits you!
* * * LOW HITPOINT WARNING * * *
You hear some strange, mumbled words.
You are confused.
It was a potion of curing.
You feel better.
You hear some strange, mumbled words.
You are confused.
You bump into the rock wall.
Something hits you.
There is an open door here.
Something hits you!
* * * LOW HITPOINT WARNING * * *
Something hits you!
You die...

*
##.~~~~~~.P.....##****,,,*,,,,*
*
#......♣.......#*,,,,,*,*,*,,,
*
#.##...........#*,,,*,*,*,*,*,
#..............#*,,,**********
####...........#*,,,,*,*,*,*,*
#########'###*,,,,,,*,*,*,, #.#
*,,,.,,,,*,,,, *
####'####....,,,,,,,,, ****
#....@{......,,,,,,,,, ,,,*
#............,,,,,,,,, ,,,***
#............,,,,,,,,, ,,,,,*
#............,,******* ,,,*,*
*#............,,* ,,,*,*
#.)......?....,,* ****,*
#...........).,,* ,,,,,*
*#.............,,* ,*****
*,,,,,,,,,,,,,,,,*


There were no monsters in sight!

Vanquished Creatures
  2 adders (D:2)
  2 dart slugs (D:1)
  2 endoplasms
  7 giant cockroaches
  3 goblins (D:2)
  3 hobgoblins
  5 jackals
  4 bats
  3 frilled lizards
  A rat (D:2)
32 creatures vanquished.

Vanquished Creatures (others)
  7 plants (D:2)
7 creatures vanquished.

Grand Total: 39 creatures vanquished

Notes
Turn   | Place    | Note
-------+----------+-------------------------------------------
     0 | D:1      | wormed the Demonspawn Earth Elementalist began the quest
                  | for the Orb.
     0 | D:1      | Reached XP level 1. HP: 13/13 MP: 3/3
    62 | D:1      | Reached skill level 1 in Transmutations
   202 | D:1      | Found a faded altar of an unknown god.
   284 | D:1      | Gained mutation: You may rarely emit foul miasma when
                  | damaged in melee. [demonic ancestry]
   284 | D:1      | Reached XP level 2. HP: 19/19 MP: 1/5
   484 | D:1      | Found Medoul's Weapon Shop.
   650 | D:1      | Reached skill level 3 in Earth Magic
  1147 | D:2      | Reached skill level 1 in Conjurations
  1185 | D:2      | Gained mutation: You have sharp fingernails. [demonic
                  | ancestry]
  1185 | D:2      | Reached XP level 3. HP: 25/25 MP: 4/6
  1471 | D:2      | Noticed Sigmund
  1481 | D:2      | Slain by Sigmund

Illustrated notes

Levels and vault maps discovered:
D:1:      ebering_trefoil_twist, layout_loops_ring, serial_shops,
          nicolae_shop_advertising_works [nicolae_subvault_shop_adworks],
          dreamdust_ecumenical_altar_statues
D:2:      layout_basic, serial_bayou, serial_bayou_pond_a, serial_bayou_shore_b,
          serial_bayou_pond_b, serial_bayou_crossing, minmay_worlds_worst_comb,
          uniq_sigmund

Skill      XL: |  1  2  3 |
---------------+----------+-----
Transmutations | 1 |  1.6
Earth Magic    | 3 |  3.1
Conjurations   | 1 |  1.2
Dodging        | 2 |  2.0
Fighting       | |  0.9
Maces & Flails | |  0.2
Stealth        | |  1.7
Spellcasting   | |  2.2

Action                   || total
-------------------------++-------
Melee: Unarmed           ||    19
 Cast: Sandblast         ||    48
  Use: Scroll            ||     3
       Potion            ||     1
Armor: Robe              ||     7
Dodge: Dodged            ||    32

Table legend: (Time is in decaauts)
 A = Elapsed time spent in this place.
 B = Non-inter-level travel time spent in this place.
 C = Inter-level travel time spent in this place.
 D = Time resting spent in this place.
 E = Time spent auto-exploring this place.
 F = Levels seen in this place.
 G = Mean time per level.
                   A        B        C        D        E       F      G
               +--------+--------+--------+--------+--------+-----+--------+
         Total |   1506 |   1430 |     76 |      0 |   1223 |   2 |  753.0 |
       Dungeon |   1506 |   1430 |     76 |      0 |   1223 |   2 |  753.0 |
               +--------+--------+--------+--------+--------+-----+--------+

Top non-repeatable levels by time:
     D:1: 1157 daAuts
     D:2: 349 daAuts
